 Dungeon Crawl Stone Soup version 0.30-a0-341-g682706514a (webtiles) character file.

Game seed: 3687279467576115691

74 treertat the Poker (level 4, -1/33 HPs)
             Began as a Human Reaver on Nov 1, 2022.
             Slain by a gnoll sergeant
             ... wielding a +0 spear
              (13 damage)
             ... on level 3 of the Dungeon.
             The game lasted 00:05:33 (1944 turns).

treertat the Poker (Human Reaver)                   Turns: 1944, Time: 00:05:33

Health: -1/33      AC:  3    Str: 13    XL:     4   Next: 52%
Magic:  7/7        EV: 12    Int: 13    God:
Gold:   137        SH:  0    Dex: 19    Spells: 4/7 levels left

rFire   . . .      SeeInvis .    b - +2 sling (elec)
rCold   . . .      Faith    .    (no shield)
rNeg    . . .      Spirit   .    d - +0 leather armour
rPois   .          Reflect  .    (no helmet)
rElec   .          Harm     .    (no cloak)
rCorr   .          Rampage  .    (no gloves)
Will    .....                    (no boots)
Stlth   +.........               (no amulet)
HPRegen 0.25/turn                c - +6 ring of dexterity
MPRegen 0.10/turn                (no ring)

@: no status effects
A: no striking features
a: no special abilities


You were on level 3 of the Dungeon.
You visited 1 branch of the dungeon, and saw 3 of its levels.

You collected 137 gold pieces.

Inventory:

Hand Weapons
 a - a +0 spear
 b - a +2 sling of electrocution (weapon)
Missiles
 j - 26 stones
Armour
 d - a +0 leather armour (worn)
Jewellery
 c - a +6 ring of dexterity (left hand)
Scrolls
 e - 2 scrolls of blinking {unknown}
 f - 3 scrolls of enchant weapon {unknown}
 h - 2 scrolls of identify {unknown}
 k - 2 scrolls of teleportation {unknown}
 m - a scroll of immolation {unknown}
 n - a scroll of fog {unknown}
Potions
 g - 2 potions of cancellation {unknown}
 i - 2 potions of mutation {unknown}
 l - 2 potions of degeneration {unknown}
 o - a potion of curing {unknown}


   Skills:
 - Level 2.1 Fighting
 * Level 4.6 Polearms
 - Level 2.0 Dodging
 - Level 2.0 Spellcasting
 + Level 3.4 Conjurations


You had 4 spell levels left.
You knew the following spells:

 Your Spells              Type           Power      Damage    Failure   Level
a - Kiss of Death         Conj/Necr      20%        2d7       16%         1
b - Momentum Strike       Conj/Tloc      10%        3d8       24%         2

Your spell library contained the following spells:

 Spells                   Type           Power      Damage    Failure   Level
 Hailstorm                Conj/Ice       5%         3d4       43%         3


Dungeon Overview and Level Annotations

Branches:
Dungeon (3/15)

Altars:


Message History

Aim: a gnoll sergeant, wielding a +0 spear and wearing a +0 ring mail (severely wounded, 69% to hit)
You shoot a sling bullet.
The sling bullet hits the gnoll sergeant but does no damage.
The gnoll sergeant is severely wounded.
The gnoll sergeant hits you from afar with a +0 spear!
Fire: b) +2 sling (elec)
Press: ? - help, Q - select action, (/) - cycle Shift-Dir - straight line, f/p - gnoll sergeant
Aim: a gnoll sergeant, wielding a +0 spear and wearing a +0 ring mail (severely wounded, 69% to hit)
You shoot a sling bullet.
The sling bullet closely misses the gnoll sergeant.
The gnoll sergeant misses you. The gnoll sergeant closely misses you.
Fire: b) +2 sling (elec)
Press: ? - help, Q - select action, (/) - cycle Shift-Dir - straight line, f/p - gnoll sergeant
Aim: a gnoll sergeant, wielding a +0 spear and wearing a +0 ring mail (severely wounded, 69% to hit)
You shoot a sling bullet.
The sling bullet hits the gnoll sergeant but does no damage.
The gnoll sergeant is severely wounded.
The gnoll sergeant hits you from afar with a +0 spear.
Fire: b) +2 sling (elec)
Press: ? - help, Q - select action, (/) - cycle Shift-Dir - straight line, f/p - gnoll sergeant
Aim: a gnoll sergeant, wielding a +0 spear and wearing a +0 ring mail (severely wounded, 69% to hit)
You shoot a sling bullet.
The sling bullet hits the gnoll sergeant but does no damage.
The gnoll sergeant is severely wounded.
The gnoll sergeant closely misses you.
The gnoll sergeant completely misses you.
Fire: b) +2 sling (elec)
Press: ? - help, Q - select action, (/) - cycle Shift-Dir - straight line, f/p - gnoll sergeant
Aim: a gnoll sergeant, wielding a +0 spear and wearing a +0 ring mail (severely wounded, 69% to hit)
You shoot a sling bullet.
The sling bullet completely misses the gnoll sergeant.
The gnoll sergeant barely misses you.
Fire: b) +2 sling (elec)
Press: ? - help, Q - select action, (/) - cycle Shift-Dir - straight line, f/p - gnoll sergeant
Aim: a gnoll sergeant, wielding a +0 spear and wearing a +0 ring mail (severely wounded, 69% to hit)
You shoot a sling bullet.
The sling bullet hits the gnoll sergeant.
The gnoll sergeant is almost dead.
The gnoll sergeant hits you from afar with a +0 spear!
You die...

#.####.#######
#............. ####
#########>####### ...
.................
#.#######.......######
#....#...........#
##.#...#...#...#.#
#...###.....###..#
#...#@#.....# .....
#...##'....†+ .....
#..#..g#####...#....
#......# .#......
#......# .# ##..
##.....# .# #.#...# ..
#..##+. +# ##. .#


You could see a gnoll sergeant.

Vanquished Creatures
  2 adders
  2 worms
  2 dart slugs
  6 ball pythons
  5 endoplasms
  2 giant cockroaches (D:1)
  3 goblins (D:2)
  2 hobgoblins
  4 quokkas
  5 bats
  4 frilled lizards
  5 kobolds
  4 rats
46 creatures vanquished.

Notes
Turn   | Place    | Note
-------+----------+-------------------------------------------
     0 | D:1      | treertat the Human Reaver began the quest for the Orb.
     0 | D:1      | Reached XP level 1. HP: 16/16 MP: 3/3
   234 | D:1      | Reached XP level 2. HP: 17/22 MP: 5/5
   624 | D:1      | Reached XP level 3. HP: 27/27 MP: 6/6
   839 | D:1      | Learned a level 2 spell: Momentum Strike
   847 | D:2      | Reached skill level 4 in Polearms
  1337 | D:2      | Found a faded altar of an unknown god.
  1412 | D:2      | Reached XP level 4. HP: 32/33 MP: 7/7
  1933 | D:3      | Noticed a gnoll sergeant
  1944 | D:3      | Slain by a gnoll sergeant

Illustrated notes

Levels and vault maps discovered:
D:1:      reono_arrival_mine, layout_basic
D:2:      layout_basic, hellmonk_ecumenical_altar_arch_garden, minmay_bisected
D:3:      layout_basic, minmay_fractal_squares_diagonal_5

Skill      XL: |  1  2  3 |
---------------+----------+-----
Polearms       | 4 |  4.6
Fighting       | |  2.1
Dodging        | |  2.0
Spellcasting   | |  2.0
Conjurations   | |  3.4

Action                   |  1- 3 |  4- 6 || total
-------------------------+-------+-------++-------
Melee: Spear             |   121 |    14 ||   135
 Fire: Sling             |    14 |    35 ||    49
 Stab: Sleeping          |     1 |       ||     1
Armor: Leather armour    |    25 |     3 ||    28
Dodge: Dodged            |    69 |    14 ||    83

Table legend: (Time is in decaauts)
 A = Elapsed time spent in this place.
 B = Non-inter-level travel time spent in this place.
 C = Inter-level travel time spent in this place.
 D = Time resting spent in this place.
 E = Time spent auto-exploring this place.
 F = Levels seen in this place.
 G = Mean time per level.
                   A        B        C        D        E       F      G
               +--------+--------+--------+--------+--------+-----+--------+
         Total |   1947 |   1841 |    106 |    105 |   1314 |   3 |  649.0 |
       Dungeon |   1947 |   1841 |    106 |    105 |   1314 |   3 |  649.0 |
               +--------+--------+--------+--------+--------+-----+--------+

Top non-repeatable levels by time:
     D:1: 1150 daAuts
     D:2: 588 daAuts
     D:3: 209 daAuts
